 Dungeon Crawl Stone Soup version 0.29-a0-620-g13ace881f2 (webtiles) character file.

Game seed: 6812895751428225632

269 Warped the Cudgeller (level 6, -4/35 HPs)
             Began as a Gargoyle Gladiator on June 19, 2022.
             Killed by nerve-wracking pain
             ... invoked by an orc priest
              (7 damage)
             ... on level 4 of the Dungeon.
             The game lasted 00:03:20 (3953 turns).

Warped the Cudgeller (Gargoyle Gladiator)           Turns: 3953, Time: 00:03:21

Health: -4/35      AC: 11    Str: 17 (19) XL:     6   Next: 22%
Magic:  6/6        EV: 10    Int:  8 (9)  God:
Gold:   233        SH:  0    Dex: 15 (17) Spells: 5/5 levels left

rFire   . . .      SeeInvis .   a - +0 flail
rCold   . . .      Faith    .   (no shield)
rNeg    + . .      Spirit   .   o - +0 scale mail
rPois   ∞          Reflect  .   c - +0 helmet
rElec   +          Harm     .   (no cloak)
rCorr   .          Rampage  .   (no gloves)
Will    .....                   (no boots)
Stlth   ..........              (no amulet)
HPRegen 0.11/turn               h - +6 ring of dexterity
MPRegen 0.10/turn               (no ring)

@: no status effects
A: sickness immunity, AC +4, negative energy resistance 1, electricity
resistance, torment resistance 1, petrification resistance
a: no special abilities


You were on level 4 of the Dungeon.
You visited 1 branch of the dungeon, and saw 4 of its levels.

You collected 233 gold pieces.

Inventory:

Hand Weapons
 a - a +0 flail (weapon)
 y - a +0 antimagic war axe
Missiles
 d - 3 throwing nets (quivered)
 e - a javelin
 i - 143 stones
Armour
 b - a +0 leather armour
 c - a +0 helmet (worn)
 o - a +0 scale mail (worn)
Jewellery
 h - a +6 ring of dexterity (left hand)
 k - a ring of fire
Wands
 u - a wand of flame (18)
Scrolls
 f - a scroll of silence {unknown}
 g - 2 scrolls of fog {unknown}
 j - a scroll of torment {unknown}
 l - 3 scrolls of identify {unknown}
 m - a scroll of summoning {unknown}
 q - a scroll of amnesia {unknown}
 w - 3 scrolls of teleportation {unknown}
 z - a scroll of vulnerability {unknown}
 A - a scroll of brand weapon {unknown}
Potions
 n - a potion of cancellation {unknown}
 p - a potion of resistance {unknown}
 r - a potion of degeneration
 s - a potion of flight {unknown}
 t - 2 potions of brilliance {unknown}
 v - a potion of ambrosia {unknown}
 x - a potion of might {unknown}


   Skills:
 - Level 2.1 Fighting
 + Level 6.8 Maces & Flails
 - Level 1.7 Throwing
 - Level 2.4 Dodging


You had 5 spell levels left.
You didn't know any spells.
Your spell library contained the following spells:

 Spells                   Type           Power      Damage    Failure   Level
 Wereblood                Tmut           0%         N/A       94%         2
 Dazzling Flash           Conj/Hex       0%         N/A       99%         3
 Iskenderun's Mystic Bla  Conj/Tloc      0%         2d3       100%        4
 Blade Hands              Tmut           0%         N/A       100%        5
 Irradiate                Conj/Tmut      0%         3d13      100%        5
 Starburst                Conj/Fire      0%         6d3       100%        6
 Dragon Form              Tmut           0%         N/A       100%        7
 Summon Hydra             Summ           0%         N/A       100%        7
 Sublimation of Blood     Necr           Unusable   N/A       N/A         2

Dungeon Overview and Level Annotations

Branches:
Dungeon (4/15)
 Temple: D:4-7

Altars:
Fedhas
Uskayaw


Innate Abilities, Weirdness & Mutations

You are immune to sickness and miasma.
Your stone body is resilient. (AC +4)
You are immune to poison.
You resist negative energy. (rN+)
You are resistant to electric shocks. (rElec)
You are resistant to unholy torment.
You are immune to petrification.


Message History

The orc barely misses you.
A hound comes into view.
The dart slug closely misses you.
You sock the dart slug!
You kill the dart slug!
The orc hits you but does no damage.
You hit the orc.
You kill the orc!
You hit the hobgoblin.
The hobgoblin is moderately wounded.
The orc hits you with a +0 hand axe.
The hobgoblin hits you but does no damage.
You closely miss the hobgoblin.
The hobgoblin is moderately wounded.
The orc misses you. The hobgoblin misses you.
The orc priest invokes the aid of Beogh against you.
Beogh smites you!
The hobgoblin hits you but does no damage.
The orc priest closely misses you. The orc hits you but does no damage.
Unknown command.
The orc priest attacks as you move away!
The orc priest hits you but does no damage.
You closely miss the orc priest.
The orc priest mumbles some strange prayers to Beogh against you.
Beogh smites you! The orc closely misses you.
The orc hits you but does no damage.
The orc priest mumbles some strange prayers to Beogh against you.
Beogh smites you!
* * * LOW HITPOINT WARNING * * *
There is an open door here.
It was a potion of degeneration.
There was something very wrong with that liquid.
You feel weakened.
You feel dopey.
You feel clumsy. The orc priest hits you with a +0 mace.
* * * LOW HITPOINT WARNING * * *
The orc hits you but does no damage.
The orc priest calls down the wrath of Beogh upon you.
Pain shoots through your body!
You die...

##.# ##'#.# ..>#
#..#.# #..# #..#.#
...# #.†#.# ...####
#..#.# #.....#
##..###### ......##
##8..8##..#
.####..#
+......'og# .# #..#
#..##.@#o.# ## #.##
### ####o.# #.#
#..)# #.# #...#
#### ##..# #.# #..#
#.# ...# #.#####
...#
##>#...############


You could see an orc priest and a hobgoblin.

Vanquished Creatures
  An iguana (D:4)
  Natasha (thrice) (D:3)
  7 adders
  2 worms (D:3)
  2 dart slugs (D:4)
  5 orcs (D:4)
  14 ball pythons
  7 endoplasms
  4 giant cockroaches
  6 goblins
  9 hobgoblins
  5 jackals (D:4)
  4 quokkas
  9 bats
  A frilled lizard (D:1)
  7 kobolds
  6 rats
92 creatures vanquished.

Notes
Turn   | Place    | Note
-------+----------+-------------------------------------------
     0 | D:1      | Warped the Gargoyle Gladiator began the quest for the Orb.
     0 | D:1      | Reached XP level 1. HP: 12/12 MP: 1/1
   171 | D:1      | Found a faded altar of an unknown god.
   192 | D:1      | Reached XP level 2. HP: 17/17 MP: 2/2
   860 | D:2      | Reached skill level 4 in Maces & Flails
   928 | D:2      | Reached XP level 3. HP: 21/21 MP: 3/3
  1568 | D:2      | Found a blossoming altar of Fedhas.
  1576 | D:2      | Reached XP level 4. HP: 26/26 MP: 4/4
  1813 | D:3      | Reached skill level 5 in Maces & Flails
  2352 | D:3      | Noticed Natasha
  2359 | D:3      | Killed Natasha
  2363 | D:3      | Reached XP level 5. HP: 23/30 MP: 5/5
  2485 | D:3      | Noticed Natasha
  2492 | D:3      | Killed Natasha
  2712 | D:3      | Noticed Natasha
  2720 | D:3      | Killed Natasha
  2721 | D:3      | Reached skill level 6 in Maces & Flails
  3157 | D:4      | Reached XP level 6. HP: 16/35 MP: 6/6
  3718 | D:4      | Found a hide-covered altar of Uskayaw.
  3953 | D:4      | Killed from afar by an orc priest

Illustrated notes

Levels and vault maps discovered:
D:1:      lightli_arrival_boilingwater, layout_basic,
          nicolae_ecumenical_lake_church
D:2:      layout_basic, basic_altar
D:3:      layout_rooms, uniq_natasha
D:4:      minmay_chambers_of_twos, layout_loops_ring, nicolae_uskayaw_suspiria,
          roderic_roman_lattice, mrwooster_statue_mirror

Skill      XL: |  1  2  3  4  5 |
---------------+----------------+-----
Maces & Flails | 4 5 6 |  6.8
Fighting       | |  2.1
Throwing       | |  1.7
Dodging        | |  2.4

Action                   |  1- 3 |  4- 6 || total
-------------------------+-------+-------++-------
Melee: Flail             |   115 |   177 ||   292
       Punch             |     1 |     2 ||     3
  Use: Potion            |       |     1 ||     1
 Stab: Sleeping          |     1 |       ||     1
Armor: Leather armour    |    25 |       ||    25
       Scale mail        |    30 |    98 ||   128
Dodge: Dodged            |   102 |   114 ||   216

Table legend: (Time is in decaauts)
 A = Elapsed time spent in this place.
 B = Non-inter-level travel time spent in this place.
 C = Inter-level travel time spent in this place.
 D = Time resting spent in this place.
 E = Time spent auto-exploring this place.
 F = Levels seen in this place.
 G = Mean time per level.
                   A        B        C        D        E       F      G
               +--------+--------+--------+--------+--------+-----+--------+
         Total |   4008 |   3924 |     84 |      0 |   3234 |   4 | 1002.0 |
       Dungeon |   4008 |   3924 |     84 |      0 |   3234 |   4 | 1002.0 |
               +--------+--------+--------+--------+--------+-----+--------+

Top non-repeatable levels by time:
     D:4: 1225 daAuts
     D:3: 968 daAuts
     D:2: 963 daAuts
     D:1: 849 daAuts
